 Dungeon Crawl Stone Soup version 0.31-b1-20-g67cafac56d (webtiles) character file.

Game seed: 7981476372999859880

19377 groovy9 the Blocker (level 12, -7/97 HPs)
             Began as a Gnoll Fighter on Jan 18, 2024.
             Was an Elder of Okawaru.
             Killed from afar by a rime drake (20 damage)
             ... with an icy flash freeze
             ... on level 2 of the Lair of Beasts.
             The game lasted 00:43:13 (16303 turns).

groovy9 the Blocker (Gnoll Fighter)                Turns: 16303, Time: 00:43:13

Health: -7/97      AC: 29    Str: 25    XL:     12   Next: 68%
Magic:  21/23      EV: 12    Int:  8    God:    Okawaru [****..]
Gold:   1063       SH:  8    Dex: 13    Spells: 22/26 levels left

rFire   . . .        P - +1 broad axe (flame)
rCold   . . .        c - +0 buckler
rNeg    . . .        F - +0 plate armour
rPois   .            q - +2 hat
rElec   .            (no cloak)
rCorr   .            D - +1 pair of gloves
SInv    .            i - +2 pair of boots {rampage}
Will    .....        (no amulet)
Stlth   +            y - +4 ring of protection
HPRegen 0.36/turn    z - +6 ring of strength
MPRegen 0.18/turn

%: rampage
@: heroic
A: fangs 1, strong nose, distributed training
a: Renounce Religion, Heroism, Finesse


You were on level 2 of the Lair of Beasts.
You worshipped Okawaru.
Okawaru was greatly pleased with you.
You visited 3 branches of the dungeon, and saw 14 of its levels.
You also visited: Ice Cave.

You collected 1083 gold pieces.
You spent 20 gold pieces at shops.

Inventory:

Hand Weapons
 a - a +0 war axe
 P - a +1 broad axe of flaming (weapon)
Missiles
 E - a javelin (quivered)
 I - 24 boomerangs
 L - 2 throwing nets
Armour
 c - a +0 buckler (worn)
 i - a +2 pair of boots of rampaging (worn)
 q - a +2 hat (worn)
 D - a +1 pair of gloves (worn)
 F - a +0 plate armour (worn)
Jewellery
 y - a +4 ring of protection (left hand)
 z - a +6 ring of strength (right hand)
 C - a ring of positive energy
 J - an amulet of faith
 K - a ring of wizardry
 O - a +4 ring of protection
Wands
 f - a wand of paralysis (9)
 G - a wand of flame (7)
 H - a wand of iceblast (9)
Scrolls
 d - a scroll of fog
 e - 2 scrolls of revelation
 g - 2 scrolls of torment
 j - 2 scrolls of immolation
 k - a scroll of identify
 l - 4 scrolls of noise
 o - a scroll of brand weapon
 p - 4 scrolls of vulnerability
 r - a scroll of fear
 u - a scroll of blinking
 w - 3 scrolls of teleportation
Potions
 b - 3 potions of brilliance
 h - a potion of attraction
 v - 2 potions of mutation
 x - a potion of enlightenment
 B - 2 potions of magic
 N - 2 potions of might


   Skills:
 + Level 10.2(15.2) Fighting
 + Level 7.8(12.8) Short Blades
 + Level 7.8(12.8) Long Blades
 + Level 9.1(14.1) Axes
 + Level 7.8(12.8) Maces & Flails
 + Level 7.8(12.8) Polearms
 + Level 7.8(12.8) Staves
 + Level 7.8(12.8) Ranged Weapons
 + Level 7.8(12.8) Throwing
 + Level 10.2(15.2) Armour
 + Level 7.8(12.8) Dodging
 + Level 7.8(12.8) Stealth
 + Level 10.2(15.2) Shields
 + Level 7.8(12.8) Unarmed Combat
 + Level 7.8 Spellcasting
 + Level 6.5 Conjurations
 + Level 6.5 Hexes
 + Level 6.5 Summonings
 + Level 6.5 Necromancy
 + Level 6.5 Translocations
 + Level 6.5 Fire Magic
 + Level 6.5 Ice Magic
 + Level 6.5 Air Magic
 + Level 6.5 Earth Magic
 + Level 6.5 Alchemy
 + Level 8.5 Invocations
 + Level 7.8 Evocations
 + Level 7.1 Shapeshifting


You had 22 spell levels left.
You knew the following spells:

 Your Spells              Type           Power      Damage    Failure   Level
a - Magic Dart            Conj           52%        1d5       11%         1
b - Blink                 Tloc           26%        N/A       16%         2
c - Apportation           Tloc           26%        N/A       11%         1

Your spell library contained the following spells:

 Spells                   Type           Power      Damage    Failure   Level
 Foxfire                  Conj/Fire      52%        2x1d6     11%         1
 Freeze                   Ice            52%        1d6       11%         1
 Kiss of Death            Conj/Necr      52%        2d9       11%         1
 Lesser Beckoning         Tloc           26%        N/A       16%         2
 Static Discharge         Conj/Air       26%        3-5/arc   16%         2
 Confusing Touch          Hex            13%        N/A       32%         3
 Frozen Ramparts          Ice            26%        1d4       32%         3
 Gell's Gravitas          Tloc           13%        N/A       32%         3
 Hailstorm                Conj/Ice       13%        3d6       32%         3
 Teleport Other           Tloc           13%        N/A       32%         3
 Dispel Undead            Necr           13%        3d9       71%         4
 Dispersal                Tloc           6%         N/A       100%        6
 Plasma Beam              Fire/Air       6%         2x1d17    100%        6
 Starburst                Conj/Fire      6%         6d4       100%        6
 Orb of Destruction       Conj           6%         9d6       100%        7
 Shatter                  Erth           6%         3d9*      100%        9
 Call Imp                 Summ           Unusable   N/A       N/A         2

Dungeon Overview and Level Annotations

Branches:
Dungeon (11/15)            Temple (0/1) D:6            Lair (2/5) D:8
    Orc (1/2) D:11          IceCv (visited)
  Swamp: Lair:2-3    Shoals: Lair:2-3     Snake: Lair:2-3    Spider: Lair:2-3

Altars:
Cheibriados
Elyvilon
Fedhas
Gozag
Kikubaaqudgha
Makhleb
Nemelex Xobeh
Okawaru
Qazlal
Ru
Sif Muna
Trog
Vehumet
Wu Jian
Xom
Zin

Shops:
D:1 *   D:4 [   D:5 *   D:9 :   Orc:1 (*[:

Portals:
Trove: D:11 (give 4 scrolls of fog)

Annotations:
D:11 2 transporters, Mamah's ghost, journeyman TrMo
Lair:2 exclusion: oklob plant


Innate Abilities, Weirdness & Mutations

You have very sharp teeth.
Your uncanny sense of smell can sniff out nearby items.
Your experience applies equally to all skills.


Message History

The ice statue gestures.
The ice devil hits you but does no damage.
You block the ice beast's attack. The ice beast completely misses you.
You block the ice beast's attack.
Okay, then.
Blink to where?
Press: ? - help, Dir - move target
As you read the scroll of blinking, it crumbles to dust.
There is an ice covered gate leading back out of this place here.
Welcome back to the Lair of Beasts!
There is a collapsed entrance here.
As you read the scroll of fear, it crumbles to dust.
You assume a fearsome visage.
The rime drake looks frightened! x2
The eight-headed hydra looks frightened!
You rampage towards the rime drake!
You rampage towards the rime drake!
Cornered, the rime drake turns to fight!
Okay, then.
Okay, then.
Blink to where?
Press: ? - help, Dir - move target An oklob plant comes into view.
As you read the scroll of blinking, it crumbles to dust.
Marking area around an oklob plant as unsafe for travelling.
A wolf comes into view.
The wolf howls!
You hear a croak.
You gain the combat prowess of a mighty hero.
The wolf barely misses you. x2
You miss the wolf. The wolf bites you but does no damage.
You miss the wolf. The wolf bites you but does no damage.
The wolf closely misses you.
You slash the wolf! You burn the wolf. You bite the wolf, but do no damage.
The wolf is heavily wounded.
You block the wolf's attack.
You slash the wolf! You burn the wolf.
You kill the wolf!
Okawaru accepts your kill. The rime drake breathes ice at you.
The icy flash freeze hits you!!
You die...

#### # .P... #. .$... k.#
##...... #.#..
####...........#
#.#...##@##...........#
#.....D†......P#....#.#.#
###..####..#...#.#....##.
##.####k.#..## ..#...#.
###.#.#..##..## #.##....
..##.#......P....###.#...#.
.....).................#...
##..##..≈≈≈≈≈...###.#......
#...#.D#####≈...# #####....


You could see an eight-headed hydra and a rime drake (catching breath).

Vanquished Creatures
  A hydra (Lair:2)
  A boulder beetle (D:11)
  A two-headed ogre (D:11)
  An orc knight (Orc:1)
  A cyclops (D:11)
  3 ugly things
  2 black mambas
  3 gargoyles
  3 cane toads (Lair:1)
  A rime drake (Lair:2)
  A komodo dragon (Lair:1)
  An ice devil (IceCv)
  2 trolls
  A hornet (D:10)
  6 blink frogs
  Grinder (D:3)
  A wyvern (Lair:1)
  Sigmund (D:5)
  Eustachio (D:6)
  17 yaks
  A wraith (D:10)
  Grum (D:8)
  A steam dragon (D:7)
  Menkaure (D:6)
  Duvessa (D:4)
  11 water moccasins
  10 orc warriors
  2 ice beasts (D:6)
  A sky beast (D:7)
  5 black bears
  5 ogres
  6 wolves
  2 phantoms
  5 centaurs
  3 kobold brigands
  A gnoll sergeant (D:9)
  2 scorpions (D:5)
  7 bullfrogs
  4 wights (D:7)
  Dowan (D:4)
  5 killer bees (D:9)
  8 howler monkeys
  3 bombardier beetles
  2 jellies
  4 hounds
  6 orc priests
  4 iguanas (D:5)
  2 sleepcaps
  Jessica (D:3)
  13 orc wizards
  A troll simulacrum (IceCv)
  A wolf simulacrum (IceCv)
  9 gnolls
  4 adders
  2 white imps
  4 ufetubi
  A dart slug (D:5)
  41 orcs
  3 bats
  4 endoplasms
  3 giant cockroaches (D:2)
  4 goblins
  4 hobgoblins
  2 jackals (D:5)
  24 kobolds
  8 quokkas
  5 ball pythons
  A frilled lizard (D:2)
  3 rats
291 creatures vanquished.

Notes
Turn   | Place    | Note
-------+----------+-------------------------------------------
     0 | D:1      | groovy9 the Gnoll Fighter began the quest for the Orb.
     0 | D:1      | Reached XP level 1. HP: 23/23 MP: 1/1
   219 | D:1      | Reached XP level 2. HP: 28/29 MP: 2/2
   522 | D:1      | Found Zuong's Assorted Antiques.
   528 | D:1      | Bought a scroll labelled QEAMIKK YQORY for 20 gold pieces
  1002 | D:2      | Reached XP level 3. HP: 35/35 MP: 3/3
  1046 | D:2      | Got the Tractate on Scintillating Stones
  1049 | D:2      | Learned a level 1 spell: Magic Dart
  1290 | D:2      | Reached skill level 1 in Invocations
  1606 | D:3      | Found an iron altar of Okawaru.
  1616 | D:3      | Became a worshipper of Warmaster Okawaru
  1714 | D:3      | Reached skill level 1 in Short Blades
  1714 | D:3      | Reached skill level 1 in Long Blades
  1714 | D:3      | Reached skill level 1 in Maces & Flails
  1714 | D:3      | Reached skill level 1 in Polearms
  1714 | D:3      | Reached skill level 1 in Staves
  1714 | D:3      | Reached skill level 1 in Ranged Weapons
  1714 | D:3      | Reached skill level 1 in Throwing
  1714 | D:3      | Reached skill level 1 in Dodging
  1714 | D:3      | Reached skill level 1 in Stealth
  1714 | D:3      | Reached skill level 1 in Unarmed Combat
  1714 | D:3      | Reached skill level 1 in Spellcasting
  1714 | D:3      | Reached skill level 1 in Evocations
  1824 | D:3      | Noticed Grinder
  1826 | D:3      | Paralysed by Grinder for 5 turns
  1836 | D:3      | Killed Grinder
  1836 | D:3      | Reached * piety under Okawaru
  1836 | D:3      | Reached ** piety under Okawaru
  1837 | D:3      | Reached skill level 1 in Conjurations
  1837 | D:3      | Reached skill level 1 in Hexes
  1837 | D:3      | Reached skill level 1 in Summonings
  1837 | D:3      | Reached skill level 1 in Necromancy
  1837 | D:3      | Reached skill level 1 in Translocations
  1837 | D:3      | Reached skill level 1 in Fire Magic
  1837 | D:3      | Reached skill level 1 in Ice Magic
  1837 | D:3      | Reached skill level 1 in Air Magic
  1837 | D:3      | Reached skill level 1 in Earth Magic
  1837 | D:3      | Reached skill level 1 in Alchemy
  1837 | D:3      | Reached skill level 1 in Shapeshifting
  1837 | D:3      | Reached XP level 4. HP: 24/41 MP: 4/6
  1837 | D:3      | Reached XP level 5. HP: 28/47 MP: 4/7
  1837 | D:3      | Reached XP level 6. HP: 31/53 MP: 4/8
  1953 | D:3      | Found a glowing silver altar of Zin.
  1953 | D:3      | Found an opulent altar of Gozag.
  1998 | D:3      | Noticed Jessica
  2000 | D:3      | Found a white marble altar of Elyvilon.
  2002 | D:3      | Killed Jessica
  2003 | D:3      | Reached skill level 5 in Axes
  2469 | D:4      | Noticed Duvessa
  2472 | D:4      | Noticed Dowan
  2490 | D:4      | Killed Dowan
  2491 | D:4      | Reached XP level 7. HP: 27/60 MP: 10/10
  2492 | D:4      | Killed Duvessa
  2492 | D:4      | Reached *** piety under Okawaru
  2696 | D:4      | Found Ituagoh's Antique Armour Emporium.
  2802 | D:4      | HP: 3/60 [burnt (6)]
  3571 | D:5      | Entered Level 5 of the Dungeon
  3606 | D:5      | Found Sueror's Serpentskin Sales.
  3819 | D:5      | Learned a level 2 spell: Blink
  3844 | D:5      | Reached XP level 8. HP: 59/67 MP: 12/12
  4069 | D:5      | Noticed Sigmund
  4102 | D:5      | Killed Sigmund
  4338 | D:5      | Reached **** piety under Okawaru
  5125 | D:6      | Found a staircase to the Ecumenical Temple.
  5396 | D:6      | Reached XP level 9. HP: 45/73 MP: 13/15
  5489 | D:6      | Found an ornate altar of the Wu Jian Council.
  5610 | D:6      | Noticed Menkaure
  5618 | D:6      | Killed Menkaure
  5845 | D:6      | Noticed Eustachio
  5861 | D:6      | Killed Eustachio
  6073 | D:7      | Reached skill level 5 in Invocations
  6195 | D:7      | Found a sacrificial altar of Ru.
  6365 | D:7      | Reached ***** piety under Okawaru
  6441 | D:7      | Found a stormy altar of Qazlal.
  6565 | D:7      | Found a bloodstained altar of Trog.
  6798 | D:7      | Received a gift from Okawaru
  6847 | D:7      | Reached skill level 5 in Short Blades
  6847 | D:7      | Reached skill level 5 in Long Blades
  6847 | D:7      | Reached skill level 5 in Maces & Flails
  6847 | D:7      | Reached skill level 5 in Polearms
  6847 | D:7      | Reached skill level 5 in Staves
  6847 | D:7      | Reached skill level 5 in Ranged Weapons
  6847 | D:7      | Reached skill level 5 in Throwing
  6847 | D:7      | Reached skill level 5 in Dodging
  6847 | D:7      | Reached skill level 5 in Stealth
  6847 | D:7      | Reached skill level 5 in Unarmed Combat
  6847 | D:7      | Reached skill level 5 in Spellcasting
  6847 | D:7      | Reached skill level 5 in Evocations
  6847 | D:7      | Reached XP level 10. HP: 62/81 MP: 17/17
  7063 | D:7      | Found a snail-covered altar of Cheibriados.
  7331 | D:8      | Noticed Grum
  7375 | D:8      | Killed Grum
  7523 | D:8      | Found a sparkling altar of Nemelex Xobeh.
  8063 | D:8      | Reached skill level 5 in Shapeshifting
  8269 | D:8      | Found a staircase to the Lair.
  8421 | D:8      | Found a blossoming altar of Fedhas.
  8625 | D:9      | Found Emucuph's Book Boutique.
  8750 | D:9      | Found a burning altar of Makhleb.
  8768 | D:9      | Received a gift from Okawaru
  8886 | D:9      | Found an ancient bone altar of Kikubaaqudgha.
  8918 | D:9      | Found a shimmering blue altar of Sif Muna.
  8920 | D:9      | Found a radiant altar of Vehumet.
  8925 | D:9      | Got Sif Muna's Meditations on Locality
  8928 | D:9      | Learned a level 1 spell: Apportation
  9663 | D:10     | Entered Level 10 of the Dungeon
  9829 | D:10     | Noticed a cyan ugly thing
  9846 | D:10     | Killed a cyan ugly thing
  9847 | D:10     | Reached skill level 5 in Conjurations
  9847 | D:10     | Reached skill level 5 in Hexes
  9847 | D:10     | Reached skill level 5 in Summonings
  9847 | D:10     | Reached skill level 5 in Necromancy
  9847 | D:10     | Reached skill level 5 in Translocations
  9847 | D:10     | Reached skill level 5 in Fire Magic
  9847 | D:10     | Reached skill level 5 in Ice Magic
  9847 | D:10     | Reached skill level 5 in Air Magic
  9847 | D:10     | Reached skill level 5 in Earth Magic
  9847 | D:10     | Reached skill level 5 in Alchemy
  9901 | D:10     | Noticed a gargoyle
  9917 | D:10     | Killed a gargoyle
  9918 | D:10     | Reached XP level 11. HP: 52/89 MP: 20/20
 10928 | D:10     | Identified the +2 great mace "Vuydugo" {speed, rCorr}
 11197 | Lair:1   | Entered Level 1 of the Lair of Beasts
 11479 | Lair:1   | Found a shimmering altar of Xom.
 12085 | Lair:1   | Identified the +0 ring mail of Leapfrog {Int+3 Dex+3}
 12957 | D:11     | Found a portal to a secret trove of treasure.
 12959 | D:11     | Noticed a two-headed ogre
 12976 | D:11     | Killed a two-headed ogre
 13337 | D:11     | Noticed a cyclops
 13346 | D:11     | Killed a cyclops
 13347 | D:11     | Reached XP level 12. HP: 82/97 MP: 15/22
 13378 | D:11     | Noticed a boulder beetle
 13404 | D:11     | Noticed a two-headed ogre
 13404 | D:11     | Noticed Mamah's ghost (journeyman TrMo)
 13415 | D:11     | Killed a boulder beetle
 13448 | D:11     | Noticed a tengu warrior
 13457 | D:11     | Found a transporter.
 13474 | D:11     | Found a bloodstained altar of Trog.
 13478 | D:11     | Found a transporter.
 13955 | D:11     | Found a staircase to the Orcish Mines.
 14656 | Orc:1    | Entered Level 1 of the Orcish Mines
 14785 | Orc:1    | Found Ebumople's Assorted Antiques.
 14785 | Orc:1    | Found Oveeckou's Armour Boutique.
 14797 | Orc:1    | Reached skill level 10 in Fighting
 14797 | Orc:1    | Reached skill level 10 in Armour
 14797 | Orc:1    | Reached skill level 10 in Shields
 15281 | Orc:1    | Found Giopp's Book Boutique.
 15352 | Orc:1    | Found Retrisiq's Weapon Shoppe.
 15971 | Lair:2   | Noticed a seven-headed hydra
 15985 | Lair:2   | Killed a three-headed hydra
 16189 | Lair:2   | Noticed an eight-headed hydra
 16205 | Lair:2   | Found a frozen archway.
 16210 | IceCv    | Entered an ice cave
 16303 | Lair:2   | Killed from afar by a rime drake

Illustrated notes

Levels and vault maps discovered:
D:1:      evilmike_arrival_hilbert_curve, layout_loops_ring, serial_shops, shop,
          minmay_tromino_v4_c
D:2:      layout_loops_ring, minivault_23, chequers_serial_rivers_micro_e
D:3:      layout_loops_cross, grunt_temple_overflow_gold_and_silver,
          mainiacjoe_overflow_alcove_4, elyvilon_altar_4, nrook_campfire,
          uniq_jessica, uniq_grinder
D:4:      layout_layer_cave, serial_forest, infiniplex_forest_straight_3,
          infiniplex_forest_lined_room_, infiniplex_forest_corner_2,
          infiniplex_forest_clump_curved, infiniplex_forest_straight_2,
          infiniplex_forest_corner_2, infiniplex_forest_clump_curved,
          infiniplex_forest_straight_2, infiniplex_forest_join,
          infiniplex_forest_lined_ring, serial_shops, kennysheep_mini_moat,
          uniq_duvessa
D:5:      layout_basic, guppyfry_shop_venom, uniq_sigmund
D:6:      layout_loops_ring, overflow_temple_1_default,
          minmay_temple_entry_grid, uniq_eustachio, uniq_menkaure
D:7:      layout_basic, amcnicky_altar_gilded, slow_altar_2,
          mainiacjoe_overflow_paths, trog_ov_bears_minmay,
          corexii_leaking_fountain, st_stairs_14
D:8:      layout_basic, lemuel_coloured_pillars_altar, kennysheep_little_box,
          enter_bailey_2, serial_co_window_serial, co_window_paths_a,
          co_window_paths_a, co_window_of_opportunity_a, co_window_corner_a,
          co_window_corner_a, co_window_of_opportunity_a, co_window_paths_a,
          co_window_corner_b, co_window_broadway_c, co_window_corner_b,
          co_window_corner_b, co_window_corner_cb, co_window_of_opportunity_b,
          co_window_4corner_b, glass_columns_a, glass_columns_b,
          nicolae_tricolors, uniq_grum
D:9:      layout_loops_ring, grunt_temple_overflow_magic_moments,
          mainiacjoe_overflow_alcove_1, serial_shops, nicolae_shop_waterfront,
          serial_library_hellmonk_semicircle
D:10:     layout_stronghold
D:11:     layout_roguey, david_orc_4, enter_trove_2,
          gammafunk_ghost_wrathful_warriors
Lair:1:   layout_roguey, basic_altar, grunt_megastairs_1
Lair:2:   layout_loops_ring, elwin_shoals_entry_stream, portal_ice_cave_rime,
          minmay_stone_trees_small, st_stairs_8, chequers_serial_rivers_room_b
Orc:1:    layout_diamond_mine, serial_shops, nicolae_shop_bloodbath_and_beyond,
          shop, nicolae_shop_trees, shop

Skill      XL: |  1  2  3  4  5  6  7  8  9 10 11 12 |
---------------+-------------------------------------+-----
Invocations    | 2 3 4 5 6 7 8 |  8.5
Short Blades   | 1 2 3 4 5 6 7 |  7.8
Long Blades    | 1 2 3 4 5 6 7 |  7.8
Maces & Flails | 1 2 3 4 5 6 7 |  7.8
Polearms       | 1 2 3 4 5 6 7 |  7.8
Staves         | 1 2 3 4 5 6 7 |  7.8
Ranged Weapons | 1 2 3 4 5 6 7 |  7.8
Throwing       | 1 2 3 4 5 6 7 |  7.8
Dodging        | 1 2 3 4 5 6 7 |  7.8
Stealth        | 1 2 3 4 5 6 7 |  7.8
Unarmed Combat | 1 2 3 4 5 6 7 |  7.8
Spellcasting   | 1 2 3 4 5 6 7 |  7.8
Evocations     | 1 2 3 4 5 6 7 |  7.8
Conjurations   | 1 2 3 4 5 6 |  6.5
Hexes          | 1 2 3 4 5 6 |  6.5
Summonings     | 1 2 3 4 5 6 |  6.5
Necromancy     | 1 2 3 4 5 6 |  6.5
Translocations | 1 2 3 4 5 6 |  6.5
Fire Magic     | 1 2 3 4 5 6 |  6.5
Ice Magic      | 1 2 3 4 5 6 |  6.5
Air Magic      | 1 2 3 4 5 6 |  6.5
Earth Magic    | 1 2 3 4 5 6 |  6.5
Alchemy        | 1 2 3 4 5 6 |  6.5
Shapeshifting  | 1 2 3 4 5 6 7 |  7.1
Axes           | 5 6 7 8 9 |  9.1
Fighting       | 7 8 9 10 | 10.2
Armour         | 7 8 9 10 | 10.2
Shields        | 7 8 9 10 | 10.2

Action                     |  1- 3 |  4- 6 |  7- 9 | 10-12 || total
---------------------------+-------+-------+-------+-------++-------
  Melee: War axe           |   119 |    37 |   388 |   749 ||  1293
         Bite              |     6 |     3 |    50 |   119 ||   178
         Broad axe         |       |       |       |   114 ||   114
 Invoke: Heroism           |       |       |       |    16 ||    16
         Finesse           |       |       |       |     5 ||     5
    Use: Potion            |       |     1 |     8 |     9 ||    18
         Scroll            |       |       |     5 |    18 ||    23
 Armour: Scale mail        |    59 |    26 |       |       ||    85
         Chain mail        |       |       |   364 |       ||   364
         Plate armour      |       |       |       |   695 ||   695
  Dodge: Dodged            |    50 |    18 |   174 |   328 ||   570
  Block: Buckler           |    39 |    16 |   131 |   266 ||   452
